Unix NetHack Version 5.0.0-0 post-release - last build Jul 19 2026 19:10:59 (3aa4ab31751d3886436d94b585a96704892fd477,branch:main).

Game began 2026-07-27 01:05:41, ended 2026-07-27 20:18:22.

IanCurtis, chaotic male elven Wizard

                                   |.|
                                   |)|
                                   |.|...
                                   |.))@)G
                                   |.|.--
                                   |.|
                                   |.|
                                   |)|
                                   |.|
                                   |.|
                                   |.|
                                   |.--
                                   |..|
                                   |<.|
                                   ----

IanCurtis the Thaumaturge  St:11 Dx:10 Co:16 In:20 Wi:13 Ch:10  Chaotic
Dlvl:9  $:88 HP:0(54) Pw:40(81) AC:8  Xp:7 T:4365  Hungry  

Latest messages:
 You are beginning to feel hungry.
 You stop searching.
 You feel tough!
 You must have been leading a healthy life-style.
 You don't have anything to eat.
 What do you want to use or apply? [b-dkn-pyBIKPT or ?*] b
 You descend the stairs.
 The gnome throws a dart!
 You are hit by a dart.
 In what direction? k
 The spell hits the gnome!
 You kill the gnome!
 You hear something shatter!
 You see here 8 darts.
 The gnome throws a dagger!
 A dagger misses you.
 The gnome throws a dagger!
 A dagger misses you.
 In what direction? l
 The spell hits the gnome!
 You kill the gnome!
 The gnome lord throws 2 darts!
 The 1st dart misses the giant spider.
 You are hit by the 1st dart.
 The 2nd dart misses the giant spider.
 You are hit by the 2nd dart.
 In what direction? l
 The spell misses the giant spider.
 The spell hits the gnome lord!
 The giant spider bites!
 What do you want to zap? [cyIT or ?*] ?
 In what direction? l
 The magic missile hits the giant spider!
 The magic missile hits the gnome lord!
 The giant spider bites!
 The gnome lord throws a dagger!
 The dagger hits the giant spider.
 What do you want to zap? [cyIT or ?*] c
 In what direction? l
 The magic missile misses the giant spider.
 The magic missile hits the gnome lord!
 The giant spider bites!
 The gnome lord throws 2 darts!
 The 1st dart misses the giant spider.
 You are hit by the 1st dart.
 Wizard is about to die.
 The 2nd dart misses the giant spider.
 You are hit by the 2nd dart.
 You die...
 Do you want your possessions identified? [ynq] (y) q

Inventory:
 Coins    ('$')
  $ - 88 gold pieces
 Weapons  (')')
  M - a +0 elven dagger
  a - the rustproof +0 Magicbane (weapon in right hand)
  g - a blessed +1 quarterstaff
 Armor    ('[')
  f - an uncursed +0 orcish helm (being worn)
  x - an uncursed +0 pair of leather gloves (being worn)
  t - an uncursed burnt +0 cloak of magic resistance (being worn)
 Scrolls  ('?')
  v - an uncursed scroll of amnesia
  U - an uncursed scroll of confuse monster
  J - a cursed scroll of destroy armor
  q - an uncursed scroll of enchant weapon
  O - 2 uncursed scrolls of gold detection
  z - an uncursed scroll of scare monster
 Potions  ('!')
  A - an uncursed potion of healing
  D - a cursed potion of sleeping
  u - a potion of holy water
 Rings    ('=')
  F - an uncursed ring of fire resistance
  e - an uncursed +3 ring of protection
  G - an uncursed ring of shock resistance
 Wands    ('/')
  I - a wand of digging (0:5)
  c - a wand of magic missile (0:3)
  T - a wand of magic missile (0:2)
  y - a wand of speed monster (0:6)
 Tools    ('(')
  b - an uncursed sack containing 8 items
  p - an uncursed wooden flute
  o - an uncursed blindfold
  k - an uncursed lock pick
  n - a magic marker (0:21)
  B - an uncursed oil lamp
  d - a +0 pick-axe
  K - an uncursed tallow candle
  P - a cursed tallow candle

Contents of the sack:
  an uncursed scroll of identify
  a blessed scroll of light
  an uncursed scroll of punishment
  a blessed spellbook of force bolt
  an uncursed spellbook of haste self
  an uncursed potion of gain ability
  an uncursed potion of healing
  an uncursed potion of object detection

IanCurtis the Wizard's attributes:

Background:
 You were a Thaumaturge, a level 7 male elven Wizard.
 You were chaotic, on a mission for Anhur
 who was opposed by Ptah (lawful) and Thoth (neutral).
 You were right-handed.
 You were in the Gnomish Mines, on level 9.
 You entered the dungeon 4365 turns ago.
 You had 1170 experience points, 110 more were needed to attain level 8.

Basics:
 You had 0 out of 54 hit points.
 You had 40 out of 81 energy points (spell power).
 Your armor class was 8.
 Your wallet contained 88 zorkmids.
 Autopickup was off.

Final Characteristics:
 Your strength was 11 (limit:18).
 Your dexterity was 10 (limit:18).
 Your constitution was 16 (limit:16).
 Your intelligence was 20 (limit:20).
 Your wisdom was 13 (limit:20).
 Your charisma was 10 (limit:18).

Final Status:
 You were hungry.
 You were unencumbered.
 You were wielding a dagger.
 You were unskilled in dagger.

Final Attributes:
 You were piously aligned.
 You were magic-protected.
 You were sleep resistant.
 You had infravision.
 You were warded.
 You are dead.

Miscellaneous:
 You didn't encounter any bones levels.
 Total elapsed playing time was 31 minutes and 27 seconds.

Major events:
 Turn
    1: IanCurtis the chaotic male elven Wizard entered the dungeon
  204: attained the rank of Conjurer (level 3)
 1343: entered the Gnomish Mines
 1539: attained the rank of Thaumaturge (level 6)
 2041: reached Mine Town
 3243: was bestowed with Magicbane by Anhur
 4365: killed by a dart

Spells:
 Name                 Level Category     Fail Retention
 force bolt             1   attack         0%   76%-80%
 haste self             3   escape        75%  76%-100%

Skills:
 Fighting Skills
   bare handed combat [Unskilled]
   riding             [Unskilled]
 Weapon Skills
   dagger             [Unskilled]
   knife              [Unskilled]
   axe                [Unskilled]
   short sword        [Unskilled]
   club               [Unskilled]
   mace               [Unskilled]
   quarterstaff       [Basic]
   polearms           [Unskilled]
   spear              [Unskilled]
   trident            [Unskilled]
   sling              [Unskilled]
   dart               [Unskilled]
   shuriken           [Unskilled]
 Spellcasting Skills
   attack spells      [Skilled]
   healing spells     [Unskilled]
   divination spells  [Unskilled]
   enchantment spells [Basic]
   clerical spells    [Unskilled]
   escape spells      [Unskilled]
   matter spells      [Unskilled]

Voluntary challenges:
 Character rerolling was not enabled.
 You never genocided any monsters.
 You never polymorphed an object.
 You never changed form.
 You used no wishes.
Achievements:
 You attained the rank of Conjurer.
 You entered a shop.
 You entered the Gnomish Mines.
 You attained the rank of Thaumaturge.
 You entered Minetown.
 You entered a temple.

 The Dungeons of Doom: levels 1 to 4
    Level 1:
    Level 2:
       A wand shop.
    Level 3:
    Level 4:
       A grave.
       Stairs down to The Gnomish Mines.
 The Gnomish Mines: levels 5 to 9
    Level 5:
    Level 6:
    Level 7:
    Level 8:
       Many shops, a temple and an altar to Anhur, some fountains.
    Level 9: <- You were here.
       Final resting place for
          you, killed by a dart.


Vanquished creatures:
  a small mimic
  a large cat
  2 tengu
  a winter wolf cub
  a spotted jelly
  a giant spider
  a horse
  a black light
  2 ogres
  a chickatrice
  a housecat
  a blue jelly
  a dust vortex
  a raven
  a snake
  a rock piercer
  a shrieker
  2 gnome leaders
  2 gnomish wizards
  a straw golem
  a giant ant
  a little dog
  9 dwarves
  a rabid rat
  a giant bat
  3 iguanas
 an acid blob
  2 hobbits
  a hobgoblin
  4 giant rats
  a red mold
 16 gnomes
 11 garter snakes
  3 geckos
  4 jackals
  a fox
  4 kobolds
  6 sewer rats
  3 grid bugs
  4 bats
  2 lichens
  3 newts
106 creatures vanquished.

No species were genocided or became extinct.

Game over:
                       ----------
                      /          \
                     /    REST    \
                    /      IN      \
                   /     PEACE      \
                  /                  \
                  |    IanCurtis     |
                  |      88 Au       |
                  | killed by a dart |
                  |                  |
                  |                  |
                  |                  |
                  |       2026       |
                 *|     *  *  *      | *
        _________)/\\_//(\/(/\)/\//\/|_)_______

Goodbye IanCurtis the Wizard...

You died in The Gnomish Mines on dungeon level 9 with 5090 points,
and 88 pieces of gold, after 4365 moves.
You were level 7 with a maximum of 54 hit points when you died.

